 Dungeon Crawl Stone Soup version 0.26.1-11-gd32895ea62 (webtiles) character file.

Game seed: 18235525108343536069

450 Descartes the Firebug (level 6, -14/34 HPs)
             Began as a Deep Elf Wanderer on June 13, 2021.
             Killed by divine providence
             ... invoked by an orc priest
              (17 damage)
             ... on level 4 of the Dungeon.
             The game lasted 00:09:56 (6169 turns).

Descartes the Firebug (Deep Elf Wanderer)           Turns: 6169, Time: 00:09:57

Health: -14/34     AC:  6    Str:  8    XL:     6   Next: 74%
Magic:  4/15       EV: 32    Int: 17    God:
Gold:   137        SH:  0    Dex: 17    Spells: 7/15 levels left

rFire    + . .     SeeInvis .   a - +0 spear
rCold    + . .     Faith    .   (no shield)
rNeg     . . .     Spirit   .   G - +2 robe {rC+ rF+}
rPois    .         Reflect  .   (no helmet)
rElec    .         Harm     .   B - +0 cloak
rCorr    .         Rampage  .   h - +0 pair of gloves
Will     .....                  (no boots)
Stlth    +++.......             f - amulet of the acrobat
HPRegen  0.11/turn              l - +4 ring of evasion (curse)
MPRegen  0.14/turn              q - ring of wizardry

@: acrobat, very slightly contaminated
A: no striking features
a: no special abilities


You were on level 4 of the Dungeon.
You visited 1 branch of the dungeon, and saw 4 of its levels.

You collected 137 gold pieces.

Inventory:

Hand Weapons
 a - a +0 spear (weapon)
 e - a +0 dagger
 n - a +0 hunting sling
 p - a +0 dagger of draining
Missiles
 b - 101 stones
 d - 41 sling bullets
 k - 31 arrows
 u - 21 bolts
 D - 7 javelins
 E - 4 boomerangs
Armour
 h - a +0 pair of gloves (worn)
 B - a +0 cloak (worn)
 G - a +2 robe of resistance (worn)
Jewellery
 f - an amulet of the acrobat (around neck)
 j - an uncursed amulet of guardian spirit
 l - a cursed +4 ring of evasion (left hand)
 q - a ring of wizardry (right hand)
Wands
 A - a wand of paralysis (5)
 C - a wand of digging (3)
Scrolls
 c - 3 scrolls of teleportation
 g - a scroll of enchant weapon {unknown}
 m - 2 scrolls of amnesia {unknown}
 o - 2 scrolls of identify {unknown}
 w - 2 scrolls of immolation {unknown}
 y - 2 scrolls of remove curse {unknown}
 z - a scroll of fog {unknown}
 F - a scroll of enchant armour {unknown}
Potions
 i - 2 potions of haste {unknown}
 s - a potion of lignification {unknown}
 t - a potion of flight {unknown}
 v - a potion of resistance {unknown}
 x - 2 potions of curing {unknown}


   Skills:
 - Level 1.5 Fighting
 + Level 3.1 Dodging
 - Level 5.0 Stealth
 - Level 5.0 Spellcasting
 - Level 1.3 Hexes
 + Level 6.0 Fire Magic


You had 7 spell levels left.
You knew the following spells:

 Your Spells              Type           Power        Failure   Level
a - Foxfire               Conj/Fire      56%          1%          1
b - Conjure Flame         Conj/Fire      14%          4%          3
c - Sticky Flame          Conj/Fire      14%          16%         4

Your spell library contained the following spells:

 Spells                   Type           Power        Failure   Level
 Inner Flame              Hex/Fire       16%          4%          3
 Fireball                 Conj/Fire      7%           41%         5


Dungeon Overview and Level Annotations

Branches:
Dungeon (4/15)
 Temple: D:4-7

Altars:
Elyvilon


Message History

Unknown command.
Casting: Foxfire (safe; 1% risk of failure)
Confirm with . or Enter, or press ? or * to list all spells.
Nothing appears to happen.
The foxfire hits the jackal.
The jackal is almost dead.
The foxfire hits the orc.
The orc is moderately wounded.
The jackal barely misses you. The orc wizard completely misses you.
The orc hits you but does no damage.
The orc priest mumbles some strange prayers to Beogh against you.
Beogh smites you!
* * * LOW HITPOINT WARNING * * *
The jackal bites you but does no damage.
The orc completely misses you. The orc wizard completely misses you.
The orc priest looks braver for a moment.
Unknown command.
The orc priest mumbles some strange prayers to Beogh against you.
Beogh smites you!
Ouch! That really hurt!
You die...

#.. # ########.# #
........o# #
.........# #
.........# #
.......h)# #
.......oo# #
########o# # #@#
################.##
..................#
################..#
.... #..# ###. #..#
#..# .... #..##


You could see an orc priest, an orc wizard (fast), 2 orcs and a jackal.

Vanquished Creatures
  Sigmund (D:3)
  An orc wizard (D:3)
  11 gnolls (D:3)
  7 adders
  A worm (D:3)
  A dart slug (D:2)
  2 leopard geckos
  7 orcs
  5 giant cockroaches
  7 goblins
  5 hobgoblins
  11 jackals
  A quokka (D:3)
  5 bats
  6 frilled lizards
  9 kobolds
  12 rats
92 creatures vanquished.

Vanquished Creatures (others)
  589 foxfires
589 creatures vanquished.

Grand Total: 681 creatures vanquished

Notes
Turn   | Place    | Note
-------+----------+-------------------------------------------
     0 | D:1      | Descartes the Deep Elf Wanderer began the quest for the
                  | Orb.
     0 | D:1      | Descartes set off with the following items: a +0 spear, a
                  | scroll of teleportation, a +0 robe, a +0 dagger; and the
                  | following spell memorised: Foxfire; and the following
                  | spells available to memorise: Inner Flame, Conjure Flame,
                  | Sticky Flame, Fireball
     0 | D:1      | Reached XP level 1. HP: 12/12 MP: 5/5
   464 | D:1      | Reached XP level 2. HP: 16/16 MP: 3/6
   673 | D:1      | Reached skill level 4 in Fire Magic
  1441 | D:1      | Reached XP level 3. HP: 15/16 MP: 2/8
  2264 | D:2      | Reached XP level 4. HP: 20/25 MP: 1/10
  2376 | D:2      | Reached skill level 5 in Fire Magic
  2578 | D:2      | Found a white marble altar of Elyvilon.
  3556 | D:3      | Reached XP level 5. HP: 2/29 MP: 1/13
  3567 | D:3      | Noticed Sigmund
  4605 | D:3      | Reached skill level 5 in Spellcasting
  4692 | D:3      | Learned a level 3 spell: Conjure Flame
  4697 | D:3      | Learned a level 4 spell: Sticky Flame
  5142 | D:3      | Reached skill level 5 in Stealth
  5361 | D:3      | Killed Sigmund
  5362 | D:3      | Reached XP level 6. HP: 23/34 MP: 1/15
  5950 | D:4      | Reached skill level 6 in Fire Magic
  6169 | D:4      | Killed from afar by an orc priest

Illustrated notes

Levels and vault maps discovered:
D:1:      lemuel_arrival_funnel, layout_basic
D:2:      layout_basic, elyvilon_altar_1
D:3:      layout_basic, uniq_sigmund
D:4:      layout_basic, minmay_temple_entry_junction, uniq_robin

Skill      XL: |  1  2  3  4  5  6 |
---------------+-------------------+-----
Fire Magic     | 4 5 6 |  6.0
Spellcasting   | 2 4 5 |  5.0
Stealth        | 5 |  5.0
Dodging        | 2 3 |  3.1
Fighting       | |  1.5
Hexes          | |  1.3

Action                   |  1- 3 |  4- 6 || total
-------------------------+-------+-------++-------
Melee: Spear             |    17 |     3 ||    20
 Cast: Foxfire           |   120 |   275 ||   395
       Conjure Flame     |       |     2 ||     2
Armor: Robe              |    12 |     6 ||    18
       Leather armour    |     2 |     4 ||     6
Dodge: Dodged            |    40 |    71 ||   111
